SA
DELAWARE 1787 BC @ CALDWELL CHIEFS
08/07/2041
 
TOP OF THE 1ST
Delaware 1787 BC batting - Pitching for Caldwell Chiefs : LHP John Jennings
Pitching: LHP John Jennings
Batting: RHB Jerry Scott 0-0: Foul Ball, location: 2F
0-1: Ball
1-1: Ball
2-1: Foul Ball, location: 2F
2-2: Ball
3-2: Reached on error, E9 (Flyball, 9S, EV 84.4 MPH)
Batting: RHB Walt Reed 0-0: Called Strike
0-1: Foul Ball, location: 2F
0-2: Foul Ball, location: 2F
0-2: Hit by Pitch
Jerry Scott to second
Batting: RHB Eduardo Lucciardi 0-0: Called Strike
0-1: 3-RUN HOME RUN (Flyball, 89XD, EV 91.2 MPH), Distance : 400 ft
Batting: RHB Zhong-yan Zhang 0-0: DOUBLE (Flyball, 8LXD, EV 93.1 MPH)
Batting: RHB César Ferreira 0-0: Ball
1-0: Called Strike
1-1: SINGLE (Line Drive, 6MD, EV 96.2 MPH)
Zhong-yan Zhang to third
Batting: RHB Justin Schock 0-0: Ball
1-0: Swinging Strike
1-1: Swinging Strike
1-2: Strikes out swinging
Batting: LHB Jorge Quilez 0-0: SINGLE (Line Drive, 78S, EV 106.9 MPH)
Zhong-yan Zhang scores
César Ferreira to second
Batting: LHB Luis Concepción 0-0: Called Strike
0-1: Swinging Strike
0-2: Ball
1-2: Strikes out swinging
Batting: RHB José Moreno 0-0: Called Strike
0-1: Ball
1-1: Foul Ball, location: 2F
1-2: Strikes out looking
Top of the 1st over - 4 runs, 4 hits, 1 error, 2 left on base; Delaware 4 - Caldwell 0
BOTTOM OF THE 1ST
Caldwell Chiefs batting - Pitching for Delaware 1787 BC : RHP Rémy Moreau
Pitching: RHP Rémy Moreau
Batting: LHB John Kersey 0-0: Called Strike
0-1: Foul Ball, location: 2F
0-2: Ground out 4-3 (Groundball, 4S, EV 78.8 MPH)
Batting: LHB Jorge Napolez 0-0: Ball
1-0: Fly out, F8 (Flyball, 8RXD, EV 92.5 MPH)
Batting: LHB Rafael Martínez 0-0: Called Strike
0-1: SOLO HOME RUN (Flyball, 9LD, EV 96.2 MPH), Distance : 338 ft
Batting: RHB Daniel Marley 0-0: Ball
1-0: Ground out 6-3 (Groundball, 6, EV 91.2 MPH)
Bottom of the 1st over - 1 run, 1 hit, 0 errors, 0 left on base; Delaware 4 - Caldwell 1
TOP OF THE 2ND
Delaware 1787 BC batting - Pitching for Caldwell Chiefs : LHP John Jennings
Batting: RHB Jerry Scott 0-0: Ball
1-0: Ball
2-0: Ball
3-0: Called Strike
3-1: Foul Ball, location: 2F
3-2: Foul Ball, location: 2F
3-2: Fly out, F8 (Flyball, 8LD, EV 103.8 MPH)
Batting: RHB Walt Reed 0-0: Ball
1-0: Ground out 6-3 (Groundball, 6, EV 103.1 MPH)
Batting: RHB Eduardo Lucciardi 0-0: Foul Ball, location: 2F
0-1: Fly out, F6 (Popup, 5D, EV 67.5 MPH)
Top of the 2nd over - 0 runs, 0 hits, 0 errors, 0 left on base; Delaware 4 - Caldwell 1
BOTTOM OF THE 2ND
Caldwell Chiefs batting - Pitching for Delaware 1787 BC : RHP Rémy Moreau
Batting: RHB Kane Felton 0-0: Called Strike
0-1: Swinging Strike
0-2: Ball
1-2: Foul Ball, location: 2F
1-2: Ball
2-2: Strikes out swinging
Batting: RHB Bastien Oudin 0-0: Ball
1-0: Called Strike
1-1: Ball
2-1: Ball
3-1: Base on Balls
Batting: RHB Kuan Pi 0-0: Ball
1-0: Called Strike
1-1: SINGLE (Groundball, 34D, EV 101.2 MPH)
Bastien Oudin to second
Runner from 2nd tries for 3rd, SAFE, throw by RF made to third
Batting: RHB Jesús Mancebo 0-0: Called Strike
0-1: Ball
1-1: Foul Ball, location: 2F
1-2: Ball
2-2: Foul Ball, location: 2F
2-2: Foul Ball, location: 2F
2-2: Ball
3-2: Foul Ball, location: 2F
3-2: Base on Balls
Kuan Pi to second
Batting: RHB Derrick Davis 0-0: Called Strike
0-1: Swinging Strike
0-2: Strikes out looking
Batting: LHB John Kersey 0-0: SINGLE (Groundball, 4MD, EV 105.0 MPH)
Bastien Oudin scores
Kuan Pi to third
Jesús Mancebo to second
Runner from 3rd tries for Home, SAFE, no throw by CF
Batting: LHB Jorge Napolez 0-0: Foul Ball, location: 2F
0-1: Ball
1-1: Called Strike
1-2: Ball
2-2: Ball
3-2: Base on Balls
Jesús Mancebo to third
John Kersey to second
Batting: LHB Rafael Martínez 0-0: Called Strike
0-1: Called Strike
0-2: Ball
1-2: Ball
2-2: Fly out, F6 (Popup, 6, EV 70.6 MPH)
Bottom of the 2nd over - 2 runs, 2 hits, 0 errors, 3 left on base; Delaware 4 - Caldwell 3
TOP OF THE 3RD
Delaware 1787 BC batting - Pitching for Caldwell Chiefs : LHP John Jennings
Batting: RHB Zhong-yan Zhang 0-0: Ball
1-0: Called Strike
1-1: Ball
2-1: Swinging Strike
2-2: Foul Ball, location: 2F
2-2: Strikes out swinging
Batting: RHB César Ferreira 0-0: Foul Ball, location: 2F
0-1: Swinging Strike
0-2: Strikes out looking
Batting: RHB Justin Schock 0-0: Ball
1-0: Called Strike
1-1: Called Strike
1-2: Foul Ball, location: 2F
1-2: Ground out 4-3 (Groundball, 34, EV 101.9 MPH)
Top of the 3rd over - 0 runs, 0 hits, 0 errors, 0 left on base; Delaware 4 - Caldwell 3
BOTTOM OF THE 3RD
Caldwell Chiefs batting - Pitching for Delaware 1787 BC : RHP Rémy Moreau
Batting: RHB Daniel Marley 0-0: Foul Ball, location: 2F
0-1: Foul Ball, location: 2F
0-2: Ball
1-2: Strikes out swinging
Batting: RHB Kane Felton 0-0: Called Strike
0-1: Swinging Strike
0-2: Ball
1-2: Foul Ball, location: 2F
1-2: Foul Ball, location: 2F
1-2: Ball
2-2: Ball
3-2: SINGLE (Groundball, 6D, EV 104.4 MPH)
Batting: RHB Bastien Oudin 0-0: Ball
1-0: Called Strike
1-1: Ball
2-1: Swinging Strike
2-2: Fielders Choice at 2nd, 5-4 (Groundball, 56, EV 102.5 MPH)
Batting: RHB Kuan Pi 0-0: Called Strike
0-1: Ball
1-1: Foul Ball, location: 2F
1-2: Strikes out looking
Bottom of the 3rd over - 0 runs, 1 hit, 0 errors, 1 left on base; Delaware 4 - Caldwell 3
TOP OF THE 4TH
Delaware 1787 BC batting - Pitching for Caldwell Chiefs : LHP John Jennings
Batting: LHB Jorge Quilez 0-0: Foul Ball, location: 2F
0-1: Called Strike
0-2: Ball
1-2: Fly out, F9 (Flyball, 9S, EV 83.8 MPH)
Batting: LHB Luis Concepción 0-0: Ball
1-0: Fly out, F8 (Flyball, 8RD, EV 98.8 MPH)
Batting: RHB José Moreno 0-0: Ball
1-0: Called Strike
1-1: Swinging Strike
1-2: Strikes out looking
Top of the 4th over - 0 runs, 0 hits, 0 errors, 0 left on base; Delaware 4 - Caldwell 3
BOTTOM OF THE 4TH
Caldwell Chiefs batting - Pitching for Delaware 1787 BC : RHP Rémy Moreau
Batting: RHB Jesús Mancebo 0-0: Fly out, F9 (Flyball, 9S, EV 80.6 MPH)
Batting: RHB Derrick Davis 0-0: Ball
1-0: Foul Ball, location: 2F
1-1: Swinging Strike
1-2: Strikes out swinging
Batting: LHB John Kersey 0-0: SINGLE (Line Drive, 89S, EV 99.4 MPH)
Batting: LHB Jorge Napolez 0-0: Ball
1-0: Ball
John Kersey steals 2nd base
2-0: Called Strike
2-1: Ball
3-1: Swinging Strike
3-2: Strikes out looking
Bottom of the 4th over - 0 runs, 1 hit, 0 errors, 1 left on base; Delaware 4 - Caldwell 3
TOP OF THE 5TH
Delaware 1787 BC batting - Pitching for Caldwell Chiefs : LHP John Jennings
Batting: RHB Jerry Scott 0-0: Called Strike
0-1: Swinging Strike
0-2: Strikes out looking
Batting: RHB Walt Reed 0-0: Called Strike
0-1: Foul Ball, location: 2F
0-2: Ball
1-2: Strikes out swinging
Batting: RHB Eduardo Lucciardi 0-0: Called Strike
0-1: Fly out, F8 (Line Drive, 8RM, EV 91.2 MPH)
Top of the 5th over - 0 runs, 0 hits, 0 errors, 0 left on base; Delaware 4 - Caldwell 3
BOTTOM OF THE 5TH
Caldwell Chiefs batting - Pitching for Delaware 1787 BC : RHP Rémy Moreau
Batting: LHB Rafael Martínez 0-0: Foul Ball, location: 2F
0-1: Ball
1-1: Foul Ball, location: 2F
1-2: Foul Ball, location: 2F
1-2: Ball
2-2: Ball
3-2: Ground out U3 (Groundball, 3L, EV 88.8 MPH)
Batting: RHB Daniel Marley 0-0: Ball
1-0: Swinging Strike
1-1: TRIPLE (Flyball, 9LD, EV 95.6 MPH)
Batting: RHB Kane Felton 0-0: Swinging Strike
0-1: Ball
1-1: Foul Ball, location: 2F
1-2: Strikes out swinging
Batting: RHB Bastien Oudin 0-0: Ball
1-0: Ball
2-0: Called Strike
2-1: Ground out 5-3 (Groundball, 56S, EV 73.8 MPH)
Bottom of the 5th over - 0 runs, 1 hit, 0 errors, 1 left on base; Delaware 4 - Caldwell 3
TOP OF THE 6TH
Delaware 1787 BC batting - Pitching for Caldwell Chiefs : LHP John Jennings
Batting: RHB Zhong-yan Zhang 0-0: Ball
1-0: Called Strike
1-1: Ground out U3 (Groundball, 34, EV 103.8 MPH)
Batting: RHB César Ferreira 0-0: Ball
1-0: Called Strike
1-1: Foul Ball, location: 2F
1-2: Foul Ball, location: 2F
1-2: Strikes out swinging
Batting: RHB Justin Schock 0-0: Ball
1-0: Foul Ball, location: 2F
1-1: SINGLE (Groundball, 34D, EV 97.5 MPH)
Batting: LHB Jorge Quilez 0-0: Fielders Choice at 2nd, 6-4 (Groundball, 6, EV 100.0 MPH)
Top of the 6th over - 0 runs, 1 hit, 0 errors, 1 left on base; Delaware 4 - Caldwell 3
BOTTOM OF THE 6TH
Caldwell Chiefs batting - Pitching for Delaware 1787 BC : RHP Rémy Moreau
Batting: RHB Kuan Pi 0-0: DOUBLE (Line Drive, 89D, EV 101.2 MPH)
Pitching: LHP Carlos Carrillo
Batting: RHB Jesús Mancebo 0-0: Called Strike
0-1: Swinging Strike
0-2: Ball
1-2: Strikes out swinging
Batting: RHB Derrick Davis 0-0: Foul Ball, location: 2F
0-1: Swinging Strike
0-2: Strikes out swinging
Batting: LHB John Kersey 0-0: Ball
1-0: Ball
2-0: Ground out 4-3 (Groundball, 4, EV 107.5 MPH)
Bottom of the 6th over - 0 runs, 1 hit, 0 errors, 1 left on base; Delaware 4 - Caldwell 3
TOP OF THE 7TH
Delaware 1787 BC batting - Pitching for Caldwell Chiefs : LHP John Jennings
Batting: LHB Luis Concepción 0-0: Called Strike
0-1: Swinging Strike
0-2: Strikes out looking
Batting: RHB José Moreno 0-0: Fly out, F9 (Flyball, 9, EV 76.9 MPH)
Batting: RHB Jerry Scott 0-0: Ball
1-0: Ball
2-0: Called Strike
2-1: Ball
3-1: Called Strike
3-2: Base on Balls
Pitching: LHP Jim Nasium
Batting: RHB Walt Reed 0-0: Ball
1-0: Ball
2-0: Foul Ball, location: 2F
2-1: Ball
3-1: Swinging Strike
3-2: Strikes out looking
Top of the 7th over - 0 runs, 0 hits, 0 errors, 1 left on base; Delaware 4 - Caldwell 3
BOTTOM OF THE 7TH
Caldwell Chiefs batting - Pitching for Delaware 1787 BC : LHP Carlos Carrillo
Batting: LHB Jorge Napolez 0-0: Ball
1-0: Foul Ball, location: 2F
1-1: Ball
2-1: Reached via error on a dropped throw from 1B, E1 (Groundball, 3S, EV 85.6 MPH)
Pinch Hitting: RHB Eric Davis 0-0: Called Strike
0-1: Ball
1-1: Ball
2-1: Swinging Strike
2-2: SINGLE (Groundball, 15, EV 67.5 MPH) (infield hit)
Jorge Napolez to second
Batting: RHB Daniel Marley 0-0: Ball
1-0: Swinging Strike
1-1: TRIPLE (Line Drive, 8LXD, EV 105.0 MPH)
Jorge Napolez scores
Eric Davis scores
Batting: RHB Kane Felton 0-0: Ground out 1-3 (Groundball, P, EV 88.8 MPH)
Batting: RHB Bastien Oudin 0-0: Ball
1-0: Called Strike
1-1: Foul Ball, location: 2F
1-2: Strikes out swinging
Batting: RHB Kuan Pi 0-0: Ball
1-0: Called Strike
1-1: Called Strike
1-2: Strikes out swinging
Bottom of the 7th over - 2 runs, 2 hits, 1 error, 1 left on base; Delaware 4 - Caldwell 5
TOP OF THE 8TH
Delaware 1787 BC batting - Pitching for Caldwell Chiefs : LHP Jim Nasium
Now in RF: Ramón Gómez
Batting: RHB Eduardo Lucciardi 0-0: Called Strike
0-1: Foul Ball, location: 2F
0-2: Ball
1-2: Foul Ball, location: 2F
1-2: Ball
2-2: Ball
3-2: Strikes out looking
Batting: RHB Zhong-yan Zhang 0-0: Ball
1-0: Ball
2-0: Called Strike
2-1: Foul Ball, location: 2F
2-2: Ball
3-2: Foul Ball, location: 2F
3-2: Ground out 5-3 (Groundball, 5, EV 90.6 MPH)
Batting: RHB César Ferreira 0-0: Called Strike
0-1: Ball
1-1: Ball
2-1: Foul Ball, location: 2F
2-2: Strikes out swinging
Top of the 8th over - 0 runs, 0 hits, 0 errors, 0 left on base; Delaware 4 - Caldwell 5
BOTTOM OF THE 8TH
Caldwell Chiefs batting - Pitching for Delaware 1787 BC : LHP Carlos Carrillo
Batting: RHB Jesús Mancebo 0-0: Ball
1-0: Called Strike
1-1: Foul Ball, location: 2F
1-2: Strikes out swinging
Batting: RHB Derrick Davis 0-0: Ball
1-0: Ball
2-0: Ball
3-0: Base on Balls
Batting: LHB John Kersey 0-0: Called Strike
0-1: Ball
1-1: Foul Ball, location: 2F
1-2: Ball
Derrick Davis is caught stealing 2nd base 2-6
2-2: Ball
3-2: Ground out 4-3 (Groundball, 4MS, EV 68.8 MPH)
Bottom of the 8th over - 0 runs, 0 hits, 0 errors, 0 left on base; Delaware 4 - Caldwell 5
TOP OF THE 9TH
Delaware 1787 BC batting - Pitching for Caldwell Chiefs : LHP Jim Nasium
Pitching: RHP Gregg Booth
Now at 3B: Richard Barlow
Pinch Hitting: LHB Joey Terry 0-0: Ball
1-0: Foul Ball, location: 2F
1-1: SOLO HOME RUN (Flyball, 89XD, EV 99.4 MPH), Distance : 419 ft
Batting: LHB Jorge Quilez 0-0: Ball
1-0: Ball
2-0: Foul Ball, location: 2F
2-1: Ball
3-1: Foul Ball, location: 2F
3-2: Strikes out swinging
Pinch Hitting: LHB Travis Gilliam 0-0: Called Strike
0-1: Ball
1-1: Foul Ball, location: 2F
1-2: Ball
2-2: Foul Ball, location: 2F
2-2: Ball
3-2: Strikes out swinging
Pinch Hitting: RHB Mike Williams 0-0: Called Strike
0-1: DOUBLE (Groundball, 5L, EV 95.6 MPH)
Batting: RHB Jerry Scott 0-0: Intentional Walk
Batting: RHB Walt Reed 0-0: Swinging Strike
0-1: Ball
1-1: Fly out, F6 (Popup, 6M, EV 60.6 MPH)
Top of the 9th over - 1 run, 2 hits, 0 errors, 2 left on base; Delaware 5 - Caldwell 5
BOTTOM OF THE 9TH
Caldwell Chiefs batting - Pitching for Delaware 1787 BC : LHP Carlos Carrillo
Pitching: RHP Francisco Díaz
Now at 1B: Mike Williams
Now at 3B: Harley Lambert
Now in LF: Jaime López
Batting: LHB Jorge Napolez 0-0: Called Strike
0-1: Ball
1-1: SOLO HOME RUN (Flyball, 89XD, EV 106.2 MPH), Distance : 404 ft
Tuesday, January 5th, 2021 - OOTP Baseball 20.8 Build 74